 Dungeon Crawl Stone Soup version 0.19.1-1-g22dce08 (webtiles) character file.

4328 markt42 the Basher (level 10, -4/60 HPs)
             Began as a Gargoyle Fighter on Jan 1, 2017.
             Was a Priest of Okawaru.
             Slain by a spiny frog (10 damage)
             ... on level 1 of the Lair of Beasts.
             The game lasted 00:10:06 (8050 turns).

markt42 the Basher (Gargoyle Fighter)               Turns: 8050, Time: 00:10:07

Health: -4/60      AC: 20    Str: 22    XL:     10   Next: 33%
Magic:  11/11      EV:  5    Int:  9    God:    Okawaru [***...]
Gold:   435        SH: 11    Dex: 10    Spells: 0 memorised, 9 levels left

rFire  . . .     SeeInvis +     q - +2 flail (holy)
rCold  . . .     Gourm    .     w - +1 plate armour
rNeg   + . .     Faith    .     c - +1 shield
rPois  ∞         Spirit   .     (no helmet)
rElec  +         Reflect  .     t - +0 cloak
rCorr  .         Harm     +     E - +0 pair of gloves
MR     +....     Clarity  +     l - +1 pair of boots
Stlth  ..........               r - amulet of harm
                                B - ring of protection from magic
                                g - ring of see invisible

@: no status effects
A: talons 1, clarity, deformed body, high mp 1, negative energy resistance 1,
electricity resistance, unbreathing, petrification resistance, rot immunity, AC
+7
a: Heroism, Renounce Religion


You were on level 1 of the Lair of Beasts.
You worshipped Okawaru.
Okawaru was most pleased with you.
You were not hungry.

You visited 3 branches of the dungeon, and saw 10 of its levels.

You collected 435 gold pieces.

Inventory:

Hand Weapons
 q - a +2 flail of holy wrath (weapon)
Armour
 c - a +1 shield (worn)
 l - a +1 pair of boots (worn)
 t - a +0 cloak (worn)
 w - a +1 plate armour (worn)
 E - a +0 pair of gloves (worn)
Jewellery
 g - a ring of see invisible (left hand)
 r - an amulet of harm (around neck)
 B - a ring of protection from magic (right hand)
Wands
 p - a wand of digging (6/24)
 v - a wand of acid (6/15)
 y - a wand of acid (12/15)
 D - a wand of acid (5/15)
Scrolls
 e - 6 scrolls of identify
 h - a scroll of fog
 i - a scroll of holy word {unknown}
 j - 2 scrolls of teleportation
 m - a scroll of blinking
 n - 2 scrolls of remove curse
 z - a scroll of enchant weapon
 A - a scroll of amnesia
Potions
 b - a potion of ambrosia {unknown}
 d - 2 potions of might
 s - a potion of lignification {unknown}
 u - a potion of flight
 x - a potion of berserk rage {unknown}
Books
 C - a book of Conjurations

   Spells                             Type                      Level
   a - Magic Dart                     Conjuration                  1
   b - Searing Ray                    Conjuration                  2
   c - Dazzling Spray                 Conjuration/Hexes            3
   d - Fulminant Prism                Conjuration/Hexes            4
   e - Iskenderun's Mystic Blast      Conjuration                  4
   f - Iskenderun's Battlesphere      Conjuration/Charms           5
Comestibles
 f - 4 bread rations
 k - 2 meat rations
 o - 2 beef jerkies


   Skills:
 + Level 6.1 Fighting
 * Level 11.4 Maces & Flails
 + Level 6.7 Armour
 + Level 2.2 Dodging
 + Level 6.4 Shields


You had 9 spell levels left.
You didn't know any spells.

Dungeon Overview and Level Annotations

Branches:
Dungeon (8/15)             Temple (1/1) D:5            Lair (1/6) D:8

Altars:
Ashenzari
Cheibriados
Dithmenos
Elyvilon
Fedhas
Gozag
Hepliaklqana
Makhleb
Nemelex Xobeh
Okawaru
Qazlal
Ru
Sif Muna
Trog
Uskayaw
Vehumet
Xom
Yredelemnul
Zin
The Shining One

Shops:
D:7 *


Innate Abilities, Weirdness & Mutations

You are resistant to torment.
Your stone body is resilient. (AC +7)
You are immune to poison.
You resist negative energy. (rN+)
You are resistant to electric shocks. (rElec)
You can survive without breathing.
You are immune to petrification.
You are immune to rotting.
You have sharp toenails.
You possess an exceptional clarity of mind.
Armour fits poorly on your strangely shaped body.
You have an increased reservoir of magic. (+10% MP)


Message History

You block the spiny frog's attack.
Your plate armour prevents you from hitting the spiny frog.
The spiny frog is heavily wounded.
The spiny frog closely misses you.
You hit the spiny frog but do no damage.
The spiny frog is heavily wounded.
You block the spiny frog's attack.
You thump the spiny frog!
The spiny frog is severely wounded.
The spiny frog stings you! x2
* * * LOW HITPOINT WARNING * * *
You are too injured to fight recklessly!
A spiny frog is nearby!
You are too injured to fight recklessly!
You closely miss the spiny frog.
The spiny frog is severely wounded.
The spiny frog stings you!
* * * LOW HITPOINT WARNING * * *
You feel better. The spiny frog stings you!
You die...

#...#......###
#...#........
#..........# .
##..........## ..
#......#..#..# .##
#.........#.## ...#
#.............##[..##
#.............F......
###..........@#.##
##.....#....#
#....###.#.# ######
#####


You could see a spiny frog.

Vanquished Creatures
  An elephant (D:8)
  Eustachio (D:4)
  A yak (D:8)
  Menkaure (D:6)
  Duvessa (D:4)
  3 porcupines (Lair:1)
  2 orc warriors
  An eye of draining (D:6)
  2 ice beasts
  A sky beast (D:7)
  An ogre (D:4)
  2 phantoms
  A necrophage (D:6)
  3 centaurs (D:8)
  A crocodile (D:8)
  3 bullfrogs
  A wyvern zombie (D:8)
  Dowan (D:4)
  2 scorpions
  4 wights (D:8)
  4 howler monkeys
  3 crimson imps
  A bullfrog zombie (D:5)
  2 jellies
  2 hounds
  3 orc priests
  Crazy Yiuf (D:6)
  7 orc wizards
  An iron imp (D:5)
  5 iguanas
  Natasha (thrice) (D:4)
  6 worker ants
  A hound skeleton (D:4)
  A worker ant zombie (D:7)
  11 gnolls
  2 adders
  An ooze (D:2)
  9 worms
  4 dart slugs (D:2)
  5 leopard geckos
  28 orcs
  A ball python (D:4)
  11 giant cockroaches
  7 hobgoblins
  4 jackals (D:2)
  7 kobolds
  5 quokkas
  9 bats
  4 frilled lizards
  9 goblins
  A leopard gecko skeleton (D:4)
  A quokka zombie (D:5)
  9 rats
201 creatures vanquished.

Notes
Turn   | Place    | Note
-------+----------+-------------------------------------------
     0 | D:1      | markt42 the Gargoyle Fighter began the quest for the Orb.
     0 | D:1      | Reached XP level 1. HP: 14/14 MP: 1/1
   242 | D:1      | Reached XP level 2. HP: 16/19 MP: 2/2
   762 | D:2      | Reached XP level 3. HP: 20/23 MP: 3/3
  1012 | D:2      | Reached XP level 4. HP: 23/28 MP: 4/4
  1085 | D:2      | Reached skill level 3 in Maces & Flails
  1116 | D:2      | Found a shimmering altar of Xom.
  1896 | D:3      | Reached XP level 5. HP: 24/33 MP: 5/5
  2112 | D:3      | Reached skill level 4 in Maces & Flails
  2434 | D:3      | Found a glowing golden altar of the Shining One.
  2575 | D:3      | Reached XP level 6. HP: 38/38 MP: 6/6
  3049 | D:4      | Noticed a phantom
  3067 | D:4      | Killed a phantom
  3067 | D:4      | Reached skill level 5 in Maces & Flails
  3067 | D:4      | Reached skill level 1 in Dodging
  3073 | D:4      | Noticed Natasha
  3077 | D:4      | Reached XP level 7. HP: 22/42 MP: 7/7
  3084 | D:4      | Killed Natasha
  3322 | D:4      | Reached skill level 6 in Maces & Flails
  3519 | D:4      | Noticed Natasha
  3521 | D:4      | Noticed Duvessa
  3523 | D:4      | Noticed Dowan
  3523 | D:4      | Killed Natasha
  3540 | D:4      | Killed Duvessa
  3550 | D:4      | Killed Dowan
  3550 | D:4      | Reached skill level 7 in Maces & Flails
  3550 | D:4      | Reached XP level 8. HP: 37/48 MP: 8/8
  3608 | D:4      | Noticed Eustachio
  3660 | D:4      | Killed Eustachio
  3660 | D:4      | Reached skill level 5 in Shields
  3712 | D:4      | Noticed Natasha
  3715 | D:4      | Killed Natasha
  3729 | D:4      | Found a blossoming altar of Fedhas.
  4197 | D:5      | Entered Level 5 of the Dungeon
  4197 | D:5      | Found a staircase to the Ecumenical Temple.
  4207 | Temple   | Entered the Ecumenical Temple
  4210 | Temple   | Reached skill level 8 in Maces & Flails
  4269 | Temple   | Became a worshipper of Warmaster Okawaru
  4322 | D:5      | Reached skill level 5 in Armour
  4575 | D:5      | Reached skill level 5 in Fighting
  4606 | D:5      | Found a shadowy altar of Dithmenos.
  4733 | D:5      | Found a snail-covered altar of Cheibriados.
  4840 | D:5      | Gained mutation: You are agile. (Dex +2) [potion of mutation]
  4840 | D:5      | Lost mutation: You are agile. (Dex +2) [potion of mutation]
  4840 | D:5      | Gained mutation: You are surrounded by a mild repulsion field. (EV +2) [potion of mutation]
  4843 | D:5      | Lost mutation: You are surrounded by a mild repulsion field. (EV +2) [potion of cure mutation]
  4996 | D:6      | Reached XP level 9. HP: 52/54 MP: 9/9
  5108 | D:6      | Reached skill level 9 in Maces & Flails
  5110 | D:6      | Reached * piety under Okawaru
  5228 | D:6      | Found a runed door.
  5468 | D:6      | Found a bloodstained altar of Trog.
  5468 | D:6      | Noticed Menkaure
  5484 | D:6      | Killed Menkaure
  5864 | D:6      | Noticed Crazy Yiuf
  5870 | D:6      | Killed Crazy Yiuf
  6069 | D:7      | Found Xirouwn's Assorted Antiques.
  6357 | D:7      | Gained mutation: You have a somewhat thin skeletal structure. (Dex +2, Stealth) [mutagenic meat]
  6359 | D:7      | Gained mutation: You have an increased reservoir of magic. (+10% MP) [mutagenic meat]
  6361 | D:7      | Lost mutation: You have a somewhat thin skeletal structure. (Dex +2, Stealth) [mutagenic meat]
  6362 | D:7      | Gained mutation: Armour fits poorly on your strangely shaped body. [mutagenic meat]
  6612 | D:8      | Reached skill level 10 in Maces & Flails
  6616 | D:8      | Reached ** piety under Okawaru
  6646 | D:8      | Found a staircase to the Lair.
  6646 | D:8      | Noticed an elephant
  6675 | D:8      | Killed an elephant
  6679 | D:8      | Reached XP level 10. HP: 7/60 MP: 11/11
  6893 | D:8      | Reached skill level 11 in Maces & Flails
  6952 | D:8      | Found a snail-covered altar of Cheibriados.
  7592 | D:8      | Gained mutation: You possess an exceptional clarity of mind. [potion of mutation]
  7592 | D:8      | Gained mutation: You have sharp toenails. [potion of mutation]
  7628 | Lair:1   | Entered Level 1 of the Lair of Beasts
  7645 | Lair:1   | Reached *** piety under Okawaru
  8036 | Lair:1   | Noticed a spiny frog
  8049 | Lair:1   | HP: 1/60 [spiny frog (12)]
  8050 | Lair:1   | Slain by a spiny frog

Skill      XL: |  1  2  3  4  5  6  7  8  9 10 |
---------------+-------------------------------+-----
Armour         | 4 5 6 |  6.7
Maces & Flails | 3 4 5 7 8 10 11 | 11.4
Shields        | 4 5 6 |  6.4
Dodging        | 1 2 |  2.2
Fighting       | 4 5 6 |  6.1

Action                   |  1- 3 |  4- 6 |  7- 9 | 10-12 || total
-------------------------+-------+-------+-------+-------++-------
Melee: Flail             |   136 |   201 |   375 |   111 ||   823
  Use: Scroll            |       |       |    14 |       ||    14
       Potion            |       |       |     8 |     2 ||    10
  Eat: Chunk             |       |     7 |    19 |     4 ||    30
Armor: Scale mail        |    12 |       |       |       ||    12
       Chain mail        |    90 |   118 |   168 |       ||   376
       Plate armour      |       |       |    44 |    50 ||    94
Dodge: Dodged            |    36 |    36 |    63 |    21 ||   156
Block: Shield            |    91 |   110 |   128 |    61 ||   390
